 Dungeon Crawl Stone Soup version 0.28.0-62-gf88900778d (webtiles) character file.

Game seed: 8973314087313458393

3167 TittyCrusher the Geomancer (level 9, -1/52 HPs)
             Began as a Gargoyle Earth Elementalist on May 20, 2023.
             Was a Believer of Vehumet.
             Slain by a komodo dragon (25 damage)
             ... on level 7 of the Dungeon.
             The game lasted 00:29:27 (9371 turns).

TittyCrusher the Geomancer (GrEE)                   Turns: 9371, Time: 00:29:28

Health: -1/52      AC: 14    Str: 11    XL:     9   Next: 94%
Magic:  5/18       EV: 14    Int: 24    God:    Vehumet [**....]
Gold:   25         SH:  0    Dex: 10    Spells: 12/20 levels left

rFire   . . .      SeeInvis .   a - +2 short sword (elec)
rCold   . . .      Faith    .   (no shield)
rNeg    + . .      Spirit   .   i - +0 ring mail
rPois   ∞          Reflect  .   P - +2 helmet {Int+3}
rElec   +          Harm     .   (no cloak)
rCorr   .          Rampage  .   (no gloves)
Will    +....                   (no boots)
Stlth   +.........              N - amulet of magic regeneration
HPRegen 0.17/turn               e - +4 ring of evasion
MPRegen 0.56/turn               o - ring of willpower

@: no status effects
A: sickness immunity, AC +6, negative energy resistance 1, electricity
resistance, torment resistance 1, petrification resistance
a: Renounce Religion


You were on level 7 of the Dungeon.
You worshipped Vehumet.
Vehumet was pleased with you.
You visited 1 branch of the dungeon, and saw 7 of its levels.
You also visited: Sewer.

You collected 347 gold pieces.
You spent 322 gold pieces at shops.

Inventory:

Hand Weapons
 a - a +2 short sword of electrocution (weapon)
 y - a +0 spear
 J - a +0 whip of electrocution
Missiles
 c - 81 stones (quivered)
 f - 6 javelins
 k - 37 bolts
 m - 29 arrows
 r - 20 poisoned darts
 Q - a throwing net
Armour
 d - a +0 leather armour
 i - a +0 ring mail (worn)
 n - a +0 robe
 B - a +0 robe of willpower
 K - +0 swamp dragon scales
 P - a +2 helmet of intelligence (worn)
Magical Staves
 b - a staff of earth
Jewellery
 e - a +4 ring of evasion (left hand)
 o - a ring of willpower (right hand)
 D - a ring of ice
 H - a ring of fire
 N - an amulet of magic regeneration (around neck)
 O - a ring of wizardry
Wands
 E - a wand of polymorph (14)
 L - a wand of flame (8)
Scrolls
 h - 2 scrolls of amnesia
 j - a scroll of enchant armour
 l - a scroll of acquirement
 s - a scroll of magic mapping
 u - a scroll of fear {unknown}
 w - a scroll of enchant weapon {unknown}
 A - a scroll of teleportation {unknown}
 C - a scroll of immolation {unknown}
 I - a scroll of torment {unknown}
 R - a scroll of brand weapon {unknown}
Potions
 g - 2 potions of magic
 p - 5 potions of curing
 q - 2 potions of attraction
 t - a potion of brilliance
 x - a potion of berserk rage {unknown}
 z - a potion of flight
 F - a potion of heal wounds {unknown}
 G - a potion of mutation {unknown}
 M - a potion of resistance {unknown}


   Skills:
 - Level 4.4 Fighting
 + Level 2.6 Dodging
 - Level 2.1 Stealth
 - Level 6.4 Spellcasting
 - Level 6.9 Conjurations
 - Level 4.2 Transmutations
 - Level 9.0 Earth Magic


You had 12 spell levels left.
You knew the following spells:

 Your Spells              Type           Power      Damage    Failure   Level
a - Sandblast             Erth           100%       2d20      1%          1
b - Stone Arrow           Conj/Erth      90%        3d12      2%          3
c - Petrify               Tmut/Erth      39%        N/A       12%         4

Your spell library contained the following spells:

 Spells                   Type           Power      Damage    Failure   Level
 Freeze                   Ice            28%        1d5       19%         1
 Passwall                 Tmut/Erth      32%        N/A       1%          2
 Dazzling Flash           Conj/Hex       48%        N/A       14%         3
 Animate Skeleton         Necr           14%        N/A       19%         1
 Pain                     Necr           28%        1d5       19%         1
 Ensorcelled Hibernation  Hex/Ice        14%        N/A       28%         2
 Swiftness                Air            7%         N/A       50%         3
 Vampiric Draining        Necr           7%         2d6       50%         3
 Agony                    Necr           7%         N/A       99%         5
 Silence                  Hex/Air        3%         N/A       99%         5


Dungeon Overview and Level Annotations

Branches:
Dungeon (7/15)             Temple (0/1) D:7           Sewer (visited)

Altars:
Ashenzari
Hepliaklqana
Sif Muna
Uskayaw
Vehumet

Shops:
D:6 [

Annotations:
D:5 2 transporters, jjjjhere's ghost, novice DjWz


Innate Abilities, Weirdness & Mutations

You are immune to sickness and miasma.
Your stone body is resilient. (AC +6)
You are immune to poison.
You resist negative energy. (rN+)
You are resistant to electric shocks. (rElec)
You are resistant to unholy torment.
You are immune to petrification.


Message History

Unknown command.
Unknown command.
Casting: Petrify (quite dangerous; 12% risk of failure)
Confirm with . or Enter, or press ? or * to list all spells.
The spell is quite dangerous to miscast (12% risk of failure)!
Continue anyway?
Aiming: Petrify (quite dangerous; 12% risk of failure)
Press: ? - help, Shift-Dir - straight line, f/p - iguana
Aim: an iguana (severely wounded, chance to affect: 73%)
The iguana is moving more slowly.
The komodo dragon hisses menacingly.
Unknown command.
Unknown command.
Casting: Petrify (quite dangerous; 12% risk of failure)
Confirm with . or Enter, or press ? or * to list all spells.
The spell is quite dangerous to miscast (12% risk of failure)!
Continue anyway?
Aiming: Petrify (quite dangerous; 12% risk of failure)
Press: ? - help, Shift-Dir - straight line, f - komodo dragon, p - iguana
Aim: a komodo dragon (chance to affect: 49%)
The komodo dragon resists with some effort.
The komodo dragon bites you!
Unknown command.
Casting: Petrify (quite dangerous; 12% risk of failure)
Confirm with . or Enter, or press ? or * to list all spells.
The spell is quite dangerous to miscast (12% risk of failure)!
Continue anyway?
Aiming: Petrify (quite dangerous; 12% risk of failure)
Press: ? - help, Shift-Dir - straight line, f/p - komodo dragon
Aim: a komodo dragon (chance to affect: 49%)
The komodo dragon resists with some effort.
The komodo dragon bites you.
Unknown command.
Unknown command.
This is a scroll of acquirement!
Unknown command.
Okay, then.
Okay, then.
Okay, then.
As you read the scroll labelled ZEKHLE XECEST, it crumbles to dust.
The scroll dissolves into smoke.
It was a scroll of fog.
The iguana stops moving altogether!
The komodo dragon bites you!!
You die...

#..........#.#.#####.....
#..............##........
#..............##........
#..............#.........
#..........###.#.........
#........### #.#.........
#.....§§§# ###.........
#......§§# l.#......####
########@# lP.###........
#l#..P.##......###
#ll.P.P##.###..#
#l.P.####.# #..#
#######.#.# #..### #.#.#
#..##. #.#.# #..##.
#.#.###..##. #.#......##.


You could see a komodo dragon, an iguana (petrified) and a frilled lizard.

Vanquished Creatures
  Pikel (D:4)
  Maggie (D:6)
  A water moccasin (D:5)
  Duvessa (D:4)
  An orc warrior (D:7)
  3 black bears
  A necrophage (D:5)
  An ogre (D:6)
  3 lemures (D:4)
  2 phantoms
  A bullfrog (D:6)
  3 kobold brigands
  2 scorpions
  A wyvern zombie (D:7)
  Dowan (D:4)
  3 hounds
  A jelly (D:5)
  2 centaur skeletons
  A bullfrog skeleton (D:7)
  3 gnoll shamans
  4 orc priests
  2 iguanas
  Natasha (D:2)
  3 orc wizards
  Terence (D:2)
  A statue (D:3)
  2 killer bee zombies
  12 gnolls
  12 adders
  2 river rats (Sewer)
  An ufetubus (D:5)
  4 dart slugs
  23 orcs
  8 endoplasms
  2 giant cockroaches
  4 goblins
  11 hobgoblins
  4 jackals (D:4)
  10 kobolds
  4 quokkas
  11 ball pythons
  9 bats
  9 frilled lizards
  16 rats
189 creatures vanquished.

Vanquished Creatures (others)
  5 plants (D:7)
5 creatures vanquished.

Grand Total: 194 creatures vanquished

Notes
Turn   | Place    | Note
-------+----------+-------------------------------------------
     0 | D:1      | TittyCrusher the Gargoyle Earth Elementalist began the
                  | quest for the Orb.
     0 | D:1      | Reached XP level 1. HP: 10/10 MP: 3/3
   167 | D:1      | Reached XP level 2. HP: 15/15 MP: 2/5
   622 | D:1      | Found a faded altar of an unknown god.
  1081 | D:2      | Reached XP level 3. HP: 19/19 MP: 4/7
  1153 | D:2      | Learned a level 3 spell: Stone Arrow
  1177 | D:2      | Reached skill level 1 in Conjurations
  1200 | D:2      | Noticed Natasha
  1455 | D:2      | Reached XP level 4. HP: 24/24 MP: 6/8
  1476 | D:2      | Noticed Terence
  2303 | D:3      | Found a radiant altar of Vehumet.
  2303 | D:3      | Noticed a charred statue
  2338 | D:3      | Found a glowing drain.
  2366 | Sewer    | Entered a sewer
  2549 | Sewer    | Reached XP level 5. HP: 28/28 MP: 7/9
  3123 | D:3      | Reached skill level 4 in Earth Magic
  4120 | D:3      | Reached skill level 1 in Fighting
  4120 | D:3      | Reached XP level 6. HP: 35/35 MP: 2/10
  4291 | D:3      | Found a hide-covered altar of Uskayaw.
  4671 | D:3      | Became a worshipper of Vehumet
  4792 | D:2      | Killed Natasha
  4871 | D:2      | Killed Terence
  4939 | D:4      | Noticed a black bear
  5004 | D:4      | Killed a black bear
  5005 | D:4      | Reached XP level 7. HP: 44/44 MP: 4/11
  5361 | D:4      | Reached * piety under Vehumet
  5361 | D:4      | Offered knowledge of Shock by Vehumet.
  5377 | D:4      | Found a shimmering blue altar of Sif Muna.
  5437 | D:4      | Reached skill level 5 in Earth Magic
  5604 | D:4      | Noticed Duvessa
  5612 | D:4      | Noticed Dowan
  5616 | D:4      | Killed Duvessa
  5617 | D:4      | Reached skill level 5 in Conjurations
  5628 | D:4      | Killed Dowan
  6025 | D:4      | Noticed Pikel
  6036 | D:4      | Killed Pikel
  6037 | D:4      | Reached skill level 7 in Earth Magic
  6037 | D:4      | Reached XP level 8. HP: 14/48 MP: 8/12
  6307 | D:4      | Found a hazy altar of Hepliaklqana.
  6479 | D:5      | Entered Level 5 of the Dungeon
  6958 | D:5      | Noticed jjjjhere's ghost (novice DjWz)
  6960 | D:5      | Found a transporter.
  6964 | D:5      | Found a transporter.
  7097 | D:5      | Reached skill level 5 in Spellcasting
  7140 | D:5      | Reached XP level 9. HP: 52/52 MP: 10/17
  7203 | D:5      | Learned a level 4 spell: Petrify
  7232 | D:5      | Reached skill level 1 in Transmutations
  7414 | D:6      | Found a broken altar of Ashenzari.
  7654 | D:6      | Offered knowledge of Freeze by Vehumet.
  7851 | D:6      | Reached ** piety under Vehumet
  8140 | D:6      | Noticed Maggie
  8160 | D:6      | Killed Maggie
  8161 | D:6      | Reached skill level 8 in Earth Magic
  8269 | D:6      | Found Gyzit's Armour Shoppe.
  8282 | D:6      | Reached skill level 9 in Earth Magic
  8910 | D:7      | Found a staircase to the Ecumenical Temple.
  9081 | D:6      | Bought a +2 helmet of intelligence for 322 gold pieces
  9360 | D:7      | Noticed a komodo dragon
  9371 | D:7      | Identified a scroll of acquirement
  9371 | D:7      | Slain by a komodo dragon

Illustrated notes

Levels and vault maps discovered:
D:1:      dpeg_arrival_prison, layout_rooms,
          shapermc_ecumenical_altar_hornbeckon, minmay_misc_feat_rugged,
          hex_intersection, minmay_misc_feat_hallway
D:2:      layout_loops_ring, st_stairs_9, minmay_pentomino_pile, uniq_natasha,
          uniq_terence
D:3:      layout_basic, lemuel_round_altar, vehumet_statue, portal_sewer_entry_d
D:4:      layout_cave_pools, mainiacjoe_overflow_swirl, minivault_23,
          feat_on_display, uniq_duvessa, uniq_pikel
D:5:      layout_basic, gammafunk_ghost_smash
D:6:      layout_basic, kennysheep_little_box, serial_shops,
          kennysheep_mini_moat, serial_park_tiny_1, uniq_maggie
D:7:      layout_basic, minmay_temple_entry_ruins, minmay_lizard_king

Skill      XL: |  1  2  3  4  5  6  7  8  9 |
---------------+----------------------------+-----
Spellcasting   | 3 5 6 |  6.4
Conjurations   | 2 3 4 6 |  6.9
Earth Magic    | 4 7 9 |  9.0
Fighting       | 1 4 |  4.4
Transmutations | 4 |  4.2
Dodging        | 2 |  2.6
Stealth        | |  2.1

Action                   |  1- 3 |  4- 6 |  7- 9 || total
-------------------------+-------+-------+-------++-------
Melee: Dagger            |     3 |       |       ||     3
       Staff             |       |    73 |   117 ||   190
       Punch             |       |       |     1 ||     1
       Whip              |       |       |    64 ||    64
       Short sword       |       |       |    59 ||    59
Throw: Dart              |       |     2 |     7 ||     9
 Cast: Sandblast         |    45 |    46 |    43 ||   134
       Stone Arrow       |       |    20 |    70 ||    90
       Petrify           |       |       |     4 ||     4
  Use: Scroll            |       |     4 |     4 ||     8
       Potion            |       |     3 |     1 ||     4
 Stab: Sleeping          |       |     2 |       ||     2
Armor: Robe              |     3 |    19 |    39 ||    61
       Leather armour    |       |       |     3 ||     3
       Ring mail         |       |       |    47 ||    47
Dodge: Dodged            |     7 |    55 |   230 ||   292
